Map: Glittering Ashes LE

Players

imagineXY

  • Race: Zerg Zerg
  • League: Gold
  • Spawn Location: 7:00

Warthog - Winner!

  • Race: Terran Terran
  • League: Gold
  • Spawn Location: 1:00

VOD

Have the link to the VOD?

Description

Time

  • Played on: Nov. 2, 2021, 5:39 p.m.
  • Length: 10:10
Show
View Real Time Build Order
Export as new Build Order

imagineXY Zerg 

Build Orders: Hatch First 

Get SALT Encoding   

  12  0:01  Drone  
  13  0:08  Drone  
  14  0:35  Hatchery  
  13  0:40  Drone  
  14  0:46  Overlord  
  14  1:02  Spawning Pool  
  13  1:04  Drone  
  13  1:09  Drone  
  15  1:12  Drone  
  16  1:41  Drone  
  16  1:45  Hatchery  
  16  1:57  Zergling x8  
  16  2:01  Zergling x2  
  21  2:12  Zergling x4, Extractor  
  22  2:20  Drone  
  23  2:23  Zergling x2  
  24  2:30  Zergling x4  
  26  2:43  Overlord  
  26  2:45  Zergling x2  
  27  2:51  Zergling x2  
  28  3:03  Zergling x8  
  32  3:11  Zergling x2  
  33  3:31  Zergling x8  
  33  3:32  Zergling x4  
  28  3:51  Zergling x2  
  28  3:52  Zergling x10  
  34  4:05  Drone x3  
  27  4:40  Extractor  
  27  4:42  Drone x3  
  27  4:45  Drone x6  
  32  5:00  Drone x3  
  32  5:06  Lair  
  35  5:30  Drone  
  35  5:31  Drone x6  
  35  5:32  Overlord  
  35  5:33  Overlord  
  42  5:49  Hatchery  
  41  6:12  Hydralisk Den  
  40  6:20  Drone x4  
  40  6:21  Drone x4  
  40  6:24  Extractor  
  47  6:27  Extractor  
  47  6:29  Zergling x2  
  47  6:38  Overlord x2  
  47  6:39  Overlord  
  47  6:45  Hydralisk x3  
  53  6:54  Infestation Pit  
  53  6:58  Hydralisk x2  
  56  7:02  Hydralisk  
  56  7:04  Zergling x8  
  62  7:14  Hydralisk  
  64  7:32  Drone x5  
  64  7:33  Drone x2  
  71  7:37  Extractor  
  71  7:39  Extractor  
  65  7:58  Lurker Den  
  64  7:59  Zergling x4  
  64  8:00  Zergling x8, Hydralisk x5  
  80  8:20  Overlord x3  
  80  8:25  Overlord  
  80  8:26  Overlord  
Show
View Real Time Build Order
Export as new Build Order

Warthog Terran - Winner!

Build Orders:  

Get SALT Encoding   

  12  0:01  SCV  
  13  0:13  SCV  
  14  0:17  Supply Depot  
  14  0:25  SCV  
  15  0:38  SCV  
  15  0:41  Barracks  
  16  0:44  Refinery  
  16  0:51  SCV  
  17  1:03  SCV  
  18  1:15  SCV  
  19  1:28  Orbital Command  
  19  1:29  Barracks Reactor  
  19  1:44  Command Center  
  19  1:54  SCV  
  19  1:56  Supply Depot  
  20  2:06  Marine x2  
  20  2:07  SCV  
  23  2:19  SCV  
  24  2:26  Barracks  
  24  2:27  Barracks  
  24  2:29  Marine  
  25  2:31  SCV  
  25  2:35  Marine  
  27  2:41  Refinery  
  27  2:43  SCV  
  28  2:56  SCV  
  29  3:00  Orbital Command  
  29  3:02  Marine x2  
  31  3:08  SCV  
  32  3:16  Barracks Tech Lab x2  
  32  3:20  SCV  
  26  3:45  Marine x4  
  26  3:46  Stimpack  
  30  3:50  SCV  
  31  3:55  SCV  
  31  4:02  SCV  
  33  4:03  Marine  
  33  4:07  SCV  
  35  4:14  SCV  
  36  4:23  Marine x2  
  35  4:25  Marine x2  
  35  4:27  SCV x2  
  36  4:36  Supply Depot  
  36  4:39  SCV, Bunker  
  36  4:41  Marine x2  
  36  4:43  Marine x2  
  41  4:48  Engineering Bay  
  41  4:51  SCV x2  
  43  4:59  Marine  
  44  5:00  Supply Depot  
  44  5:03  SCV x2  
  46  5:16  SCV  
  51  5:21  Marauder x2, Factory  
  51  5:22  Marine x2  
  51  5:24  Supply Depot  
  53  5:30  SCV x2, Combat Shield, Terran Infantry Weapons Level 1  
  55  5:40  Marine x2  
  55  5:42  SCV x2, Concussive Shells  
  59  5:48  Supply Depot  
  59  5:52  Marauder, Marine  
  59  5:54  SCV x2  
  64  5:58  Marine x2  
  66  6:05  Starport  
  66  6:07  Factory Reactor  
  66  6:10  Marauder  
  66  6:11  SCV  
  69  6:13  Marine  
  69  6:15  Marine  
  69  6:17  Supply Depot  
  71  6:21  SCV, Command Center  
  71  6:23  SCV  
  73  6:32  Marauder  
  75  6:33  SCV, Armory  
  75  6:34  Engineering Bay  
  76  6:41  SCV  
  76  6:42  Refinery x2  
  76  6:44  Supply Depot  
  76  6:45  SCV  
  78  6:48  Supply Depot  
  78  6:53  SCV, Factory Tech Lab, Marauder, Marine  
  82  6:54  Marine  
  82  6:57  SCV  
  84  7:02  Medivac  
  84  7:05  SCV, Medivac  
  84  7:08  Terran Infantry Armor Level 1  
  89  7:09  SCV  
  89  7:10  Marauder  
  89  7:11  Marine  
  93  7:18  SCV  
  93  7:19  Supply Depot  
  93  7:20  Supply Depot  
  94  7:25  Terran Infantry Weapons Level 2  
  94  7:32  Medivac  
  94  7:37  Barracks  
  96  7:39  Barracks, Marine  
  96  7:40  Marauder  
  99  7:53  Siege Tank, Marine  
  99  7:54  Marauder  
  105  8:01  SCV x2  
  107  8:08  Marine  
  107  8:09  Marauder  
  107  8:10  Medivac x2  
  107  8:11  Marine  
  115  8:13  SCV x2  
  115  8:14  Supply Depot  
  115  8:16  Supply Depot  
  117  8:22  Orbital Command  
  117  8:25  SCV x2, Siege Tank  
  109  9:31  Barracks Reactor  
  109  9:32  Barracks Reactor  
  109  9:34  Marauder, Marine x3  
  109  9:35  Medivac x2, Siege Tank  
  109  9:51  Marine  
  109  9:52  Marine x2  
  109  10:03  Supply Depot  
  109  10:04  Supply Depot  
Tags
 
Add a new tag
Caveats
  • Supply blocks, unpowered buildings, or Contaminate may cause inaccurate times.
  • Supply counts are checked every 10 seconds.